 Dungeon Crawl Stone Soup version 0.29.0-4-gdea44cf6ec (webtiles) character file.

Game seed: 13556412322538748241

46 qw the Chopper (level 3, -10/21 HPs)
             Began as a Tengu Warper on Aug 28, 2022.
             Mangled by a gnoll
             ... wielding a +0 halberd
              (14 damage)
             ... on level 2 of the Dungeon.
             The game lasted 00:00:07 (1795 turns).

qw the Chopper (Tengu Warper)                       Turns: 1795, Time: 00:00:07

Health: -10/21     AC:  6    Str: 13    XL:     3   Next: 68%
Magic:  7/7        EV:  9    Int: 13    God:
Gold:   8          SH:  0    Dex: 13    Spells: 6/6 levels left

rFire   . . .      SeeInvis .   Y - +0 hand axe
rCold   . . .      Faith    .   (no shield)
rNeg    . . .      Spirit   .   h - +0 scale mail
rPois   .          Reflect  .   (helmet restricted)
rElec   .          Harm     .   (no cloak)
rCorr   .          Rampage  .   (no gloves)
Will    .....                   (boots unavailable)
Stlth   ..........              (no amulet)
HPRegen 0.07/turn               (no ring)
MPRegen 0.10/turn               (no ring)

@: no status effects
A: beak, talons 3
a: no special abilities


You were on level 2 of the Dungeon.
You visited 1 branch of the dungeon, and saw 2 of its levels.

You collected 101 gold pieces.
You spent 93 gold pieces at shops.


Innate Abilities, Weirdness & Mutations

You have a beak for a mouth.
You have claws for feet.


   Skills:
 - Level 2.0 Fighting
 + Level 4.3 Axes
 - Level 1.0 Throwing
 - Level 1.1 Armour
 - Level 2.1 Dodging
 - Level 2.0 Spellcasting
 - Level 2.4 Translocations


You had 6 spell levels left.
You didn't know any spells.
Your spell library contained the following spells:

 Spells                   Type           Power      Damage    Failure   Level
 Blink                    Tloc           14%        N/A       56%         2
 Gell's Gravitas          Tloc           7%         N/A       80%         3
 Lesser Beckoning         Tloc           7%         N/A       80%         3
 Teleport Other           Tloc           7%         N/A       80%         3
 Manifold Assault         Tloc           7%         N/A       100%        5

Inventory:

Hand Weapons
 c - a +0 mace
 Y - a +0 hand axe (weapon)
Armour
 h - a +0 scale mail (worn)
Potions
 a - a potion of mutation {unknown}
 b - a potion of magic {unknown}
 f - a potion of curing {unknown}
 i - a potion of brilliance {unknown}

Dungeon Overview and Level Annotations

Branches:
Dungeon (2/15)

Altars:

Shops:
D:2 (


Message History

You start resting.
HP restored.
Found a leather armour.
Enter note:
Enter note:
Enter note:
Enter note:
Enter note: A frilled lizard comes into view.
Found a robe, a pink potion and a murky brown potion.
The gnoll shouts!
An endoplasm comes into view.
A kobold comes into view. It is wielding a +0 dagger.
The gnoll shouts!
The kobold shouts!
The frilled lizard closely misses you.
You hit the frilled lizard.
You kill the frilled lizard!
The kobold throws a stone.
The stone hits you but does no damage.
The gnoll hits you from afar with a +0 halberd.
The kobold throws a stone.
The stone closely misses you.
You hit the gnoll but do no damage. Your kick misses the gnoll.
You hit the endoplasm.
The kobold throws a stone.
The stone barely misses you. The endoplasm freezes you.
You are frozen.
The gnoll hits you with a +0 halberd.
You hit the endoplasm. You claw the endoplasm.
You kill the endoplasm!
You barely miss the gnoll.
The kobold throws a stone.
The stone hits you but does no damage. The gnoll closely misses you.
You hit the gnoll but do no damage. You claw the gnoll, but do no damage.
The gnoll blocks your attack. The gnoll barely misses you.
The gnoll hits you but does no damage.
You completely miss the gnoll. The gnoll blocks your attack.
The kobold throws a stone.
The stone closely misses you. The gnoll barely misses you.
The gnoll hits you with a +0 halberd!
You barely miss the gnoll. You hit the gnoll but do no damage.
The gnoll barely misses you. The gnoll hits you with a +0 halberd!
Ouch! That really hurt!
You die...

.............
#...!...!.......
#............#....
.###........[........
....[...............
..................#
.......#g.........#
......g@..........#.....
.####...%.........#.....
.....K.........#.#.....
..........####..........
..........# ##.....#....
..........# #...........
..........###...........
........................
.............###......


You could see 2 gnolls and a kobold.

Vanquished Creatures
  A gnoll (D:2)
  2 dart slugs (D:1)
  2 ball pythons (D:1)
  4 bats (D:1)
  5 endoplasms
  A goblin (D:1)
  7 jackals (D:1)
  3 quokkas (D:1)
  A frilled lizard (D:2)
  A rat (D:1)
27 creatures vanquished.

Notes
Turn   | Place    | Note
-------+----------+-------------------------------------------
     0 | D:1      | qw the Tengu Warper began the quest for the Orb.
     0 | D:1      | Reached XP level 1. HP: 12/12 MP: 4/4
     0 | D:1      | 0 ||| qw: Version: 0.1-a-89-g26bdef1
     0 | D:1      | 0 ||| qw: Game counter: 2608
     0 | D:1      | 0 ||| qw: Always use a shield: true
     0 | D:1      | 0 ||| qw: God list: Okawaru
     0 | D:1      | 0 ||| qw: Allow faded altars: false
     0 | D:1      | 0 ||| qw: Do Orc after D:15 true
     0 | D:1      | 0 ||| qw: Do second Lair branch before Depths: true
     0 | D:1      | 0 ||| qw: Lair rune preference: random
     0 | D:1      | 0 ||| qw: Plans: Normal
     0 | D:1      | 0 ||| PLANNING D:1-11
   300 | D:1      | Reached XP level 2. HP: 17/17 MP: 6/6
   352 | D:1      | 352 ||| Stepping ~*~*~tactically~*~*~ (stealth).
   358 | D:1      | Reached skill level 3 in Axes
   359 | D:1      | 359 ||| Stepping ~*~*~tactically~*~*~ (stealth).
   362 | D:1      | 362 ||| Stepping ~*~*~tactically~*~*~ (stealth).
   391 | D:1      | 391 ||| Stepping ~*~*~tactically~*~*~ (stealth).
   469 | D:1      | 469 ||| Stepping ~*~*~tactically~*~*~ (stealth).
   782 | D:1      | HP: 4/17 [dart slug/slug dart (5)]
   785 | D:1      | Reached XP level 3. HP: 5/21 MP: 7/7
  1020 | D:1      | 1020 ||| Stepping ~*~*~tactically~*~*~ (hiding).
  1122 | D:1      | 1122 ||| Stepping ~*~*~tactically~*~*~ (hiding).
  1225 | D:1      | 1225 ||| Stepping ~*~*~tactically~*~*~ (hiding).
  1232 | D:1      | Reached skill level 4 in Axes
  1435 | D:1      | Found a faded altar of an unknown god.
  1544 | D:1      | 1544 ||| UPGRADING to +0 scale mail.
  1554 | D:1      | 1554 ||| DROPPING +0 leather armour.
  1555 | D:1      | 1555 ||| DROPPING ring of magical power.
  1556 | D:1      | 1556 ||| READING scroll labelled EVOEVEPEIL.
  1557 | D:1      | 1557 ||| DROPPING scroll of blinking.
  1624 | D:2      | Found Oroevef's Antique Weapon Shop.
  1633 | D:2      | 1633 ||| BUYING mace (93 gold).
  1633 | D:2      | Bought a mace for 93 gold pieces
  1633 | D:2      | 1633 ||| SHOPLISTING runed hand axe (186 gold, have 1).
  1633 | D:2      | 1633 ||| DROPPING +0 club.
  1662 | D:2      | 1662 ||| FLEEEEING.
  1663 | D:2      | 1663 ||| FLEEEEING.
  1664 | D:2      | 1664 ||| FLEEEEING.
  1665 | D:2      | 1665 ||| FLEEEEING.
  1794 | D:2      | HP: 4/21 [gnoll/+0 halberd (7)]
  1795 | D:2      | Mangled by a gnoll

Levels and vault maps discovered:
D:1:      dpeg_arrival_oval, layout_basic,
          hellmonk_ecumenical_altar_leap_of_faith
D:2:      layout_basic, serial_shops, nicolae_shop_overgrown_old_shop,
          minmay_nonomino_d4, uniq_natasha, uniq_sigmund

Skill      XL: |  1  2  3 |
---------------+----------+-----
Axes           | 3 4 |  4.3
Fighting       | |  2.0
Throwing       | |  1.0
Armour         | |  1.1
Dodging        | |  2.1
Spellcasting   | |  2.0
Translocations | |  2.4

Action                   || total
-------------------------++-------
Melee: Hand axe          ||    61
       Kick              ||    17
       Peck              ||     6
       Punch             ||     1
Throw: Boomerang         ||     7
  Use: Scroll            ||     1
Armor: Leather armour    ||     7
       Scale mail        ||     4
Dodge: Dodged            ||    39

Table legend:
 A = Non-vault XP
 B = Vault XP
 C = Vault XP percentage of total XP
 D = Non-vault monster count
 E = Vault monster count
 F = Vault count percentage of total count
                 A         B        C        D         E       F
            +---------+---------+-------+---------+---------+-------
      Total |      67 |       0 |   0.0 |      27 |       0 |   0.0
            +---------+---------+-------+---------+---------+-------
        D:1 |      50 |       0 |   0.0 |      24 |       0 |   0.0
        D:2 |      17 |       0 |   0.0 |       3 |       0 |   0.0
            +---------+---------+-------+---------+---------+-------
